 Dungeon Crawl Stone Soup version 0.29.1-15-g9cfb28693d (webtiles) character file.

Game seed: 15606157861061787411

317 bnorton916 the Digger (level 6, -7/32 HPs)
             Began as a Gargoyle Earth Elementalist on Apr 29, 2023.
             Shot with an arrow by a centaur (13 damage)
             ... on level 4 of the Dungeon.
             The game lasted 00:06:07 (4702 turns).

bnorton916 the Digger (Gargoyle Earth Elementalist) Turns: 4702, Time: 00:06:08

Health: -7/32      AC:  6    Str: 17    XL:     6   Next: 45%
Magic:  20/20      EV: 11    Int: 18    God:
Gold:   141        SH:  0    Dex: 10    Spells: 5/12 levels left

rFire   . . .      SeeInvis .   r - +2 dagger (drain)
rCold   . . .      Faith    .   (no shield)
rNeg    + . .      Spirit   .   a - +0 robe
rPois   ∞          Reflect  .   (no helmet)
rElec   +          Harm     .   (no cloak)
rCorr   .          Rampage  .   (no gloves)
Will    .....                   (no boots)
Stlth   ++........              (no amulet)
HPRegen 0.10/turn               m - ring of magical power
MPRegen 0.17/turn               n - +6 ring of strength

@: no status effects
A: sickness immunity, AC +4, negative energy resistance 1, electricity
resistance, torment resistance 1, petrification resistance
a: no special abilities


You were on level 4 of the Dungeon.
You visited 1 branch of the dungeon, and saw 4 of its levels.

You collected 141 gold pieces.

Inventory:

Hand Weapons
 r - a +2 dagger of draining (weapon)
Missiles
 h - 10 poisoned darts
 p - 4 boomerangs
Armour
 a - a +0 robe (worn)
Jewellery
 e - an amulet of faith
 m - a ring of magical power (left hand)
 n - a +6 ring of strength (right hand)
Wands
 t - a wand of iceblast (8)
Scrolls
 d - 5 scrolls of identify
 f - 2 scrolls of teleportation
 l - a scroll of fear {unknown}
 q - 2 scrolls of enchant armour {unknown}
 u - a scroll of silence {unknown}
Potions
 b - 2 potions of magic
 g - a potion of haste
 i - a potion of degeneration {unknown}
 j - a potion of ambrosia {unknown}
 k - a potion of heal wounds {unknown}
 o - a potion of resistance {unknown}
 s - 2 potions of lignification {unknown}


   Skills:
 - Level 1.5 Dodging
 - Level 2.1 Stealth
 + Level 3.8 Spellcasting
 - Level 3.0 Transmutations
 + Level 5.6 Earth Magic
 + Level 0.1 Poison Magic


You had 5 spell levels left.
You knew the following spells:

 Your Spells              Type           Power      Damage    Failure   Level
a - Sandblast             Erth           46%        2d11      1%          1
b - Passwall              Tmut/Erth      15%        N/A       3%          2
c - Sting                 Tmut/Pois      36%        1d4       8%          1
d - Stone Arrow           Conj/Erth      26%        3d8       14%         3

Your spell library contained the following spells:

 Spells                   Type           Power      Damage    Failure   Level
 Petrify                  Tmut/Erth      19%        N/A       26%         4
 Confusing Touch          Hex            3%         N/A       41%         3
 Yara's Violent Unravell  Hex/Tmut       4%         3d4       92%         5
 Enfeeble                 Hex            1%         N/A       100%        7


Dungeon Overview and Level Annotations

Branches:
Dungeon (4/15)
 Temple: D:4-7

Altars:
Trog

Shops:
D:2 :


Innate Abilities, Weirdness & Mutations

You are immune to sickness and miasma.
Your stone body is resilient. (AC +4)
You are immune to poison.
You resist negative energy. (rN+)
You are resistant to electric shocks. (rElec)
You are resistant to unholy torment.
You are immune to petrification.


Message History

Casting: Sting (safe; 8% risk of failure)
Confirm with . or Enter, or press ? or * to list all spells.
Okay, then.
Casting: Sting (safe; 8% risk of failure)
Confirm with . or Enter, or press ? or * to list all spells.
The spell is quite dangerous to miscast (14% risk of failure)!
Continue anyway?
Aiming: Stone Arrow (quite dangerous; 14% risk of failure)
Press: ? - help, Shift-Dir - straight line, f/p - centaur
Aim: a centaur, wielding a +0 shortbow (moderately wounded, 81% to hit)
You miscast Stone Arrow.
You are very lightly contaminated with residual magic.
Nothing appears to happen.
The centaur shoots an arrow.
The arrow hits you.
* * * LOW HITPOINT WARNING * * *
Casting: Stone Arrow (quite dangerous; 14% risk of failure)
Confirm with . or Enter, or press ? or * to list all spells.
The spell is quite dangerous to miscast (14% risk of failure)!
Continue anyway?
Aiming: Stone Arrow (quite dangerous; 14% risk of failure)
Press: ? - help, Shift-Dir - straight line, f/p - centaur
Aim: a centaur, wielding a +0 shortbow (moderately wounded, 81% to hit)
You miscast Stone Arrow.
Nothing appears to happen.
Your surroundings suddenly seem different.
Found a scroll of identify.
You open the door.
There is an open door here.
As you close the door, it creaks loudly!
You start resting.
Your magical contamination has completely faded away.
You start resting.
Magic restored.
You start resting.
You start resting.
HP restored.
Okay, then.
The centaur shouts!
The centaur shoots an arrow.
The arrow hits you!
The centaur shoots an arrow.
The arrow hits you!
The centaur shoots an arrow.
The arrow hits you!
* * * LOW HITPOINT WARNING * * *
The centaur shoots an arrow.
The arrow hits you!
You die...

.................###.....###.##
###.###.###..............##...#
#.##...............#......_.#
#.....#..#####.....#....#.[c.
#####.#..# ####.......###..
#.#..# ##.#...####.. #.#..###
#.#.........
#[...#.#######.#.........
###..÷..@....c.#........#
#..#..########.......##
#..#..########.......##
#..#.........+.......#
#..##.########.......#
#.....................?
#######.##...###############
....<...(...................
#######.######.........#####


You could see a centaur.

Vanquished Creatures
  A phantom (D:4)
  A howler monkey (D:4)
  2 hounds
  An iguana (D:4)
  3 gnolls
  5 adders
  A dart slug (D:3)
  An orc (D:4)
  5 endoplasms
  2 giant cockroaches
  3 goblins
  3 hobgoblins
  4 quokkas (D:2)
  2 ball pythons
  4 bats
  4 kobolds
  4 rats
46 creatures vanquished.

Vanquished Creatures (others)
  3 fungi (D:1)
  8 plants (D:3)
11 creatures vanquished.

Grand Total: 57 creatures vanquished

Notes
Turn   | Place    | Note
-------+----------+-------------------------------------------
     0 | D:1      | bnorton916 the Gargoyle Earth Elementalist began the quest
                  | for the Orb.
     0 | D:1      | Reached XP level 1. HP: 10/10 MP: 3/3
   141 | D:1      | Found a faded altar of an unknown god.
   145 | D:1      | Got Plato's Handbook of the Spider
   243 | D:1      | Reached skill level 1 in Transmutations
   245 | D:1      | Reached XP level 2. HP: 15/15 MP: 0/5
   459 | D:1      | Learned a level 2 spell: Passwall
   461 | D:1      | Learned a level 1 spell: Sting
   925 | D:2      | Found Kehoal's Book Shoppe.
   930 | D:2      | Reached skill level 4 in Earth Magic
   967 | D:2      | Reached XP level 3. HP: 15/19 MP: 2/6
  1852 | D:2      | Reached XP level 4. HP: 7/24 MP: 1/8
  2674 | D:3      | Learned a level 3 spell: Stone Arrow
  2875 | D:3      | Reached XP level 5. HP: 28/28 MP: 6/9
  3563 | D:4      | Reached skill level 5 in Earth Magic
  4131 | D:4      | Reached XP level 6. HP: 28/32 MP: 11/11
  4409 | D:4      | Found a bloodstained altar of Trog.
  4702 | D:4      | Shot with an arrow by a centaur

Illustrated notes

Levels and vault maps discovered:
D:1:      lemuel_arrival_muddy, layout_basic,
          shapermc_ecumenical_altar_rom_forum, dk_noncrumbling_2
D:2:      layout_rooms, serial_shops, shop, palyth_stone_intersect
D:3:      layout_basic, nrook_uturn, minmay_misc_feat_four_crosses,
          nicolae_grassy_gnolls
D:4:      layout_basic, trog_three_pillars_becter, hangedman_decor_growths

Skill      XL: |  1  2  3  4  5  6 |
---------------+-------------------+-----
Transmutations | 1 2 3 |  3.0
Earth Magic    | 4 5 |  5.6
Spellcasting   | 3 |  3.8
Dodging        | |  1.5
Stealth        | |  2.1
Poison Magic   | |  0.1

Action                   |  1- 3 |  4- 6 || total
-------------------------+-------+-------++-------
Melee: Unarmed           |     1 |       ||     1
 Cast: Sandblast         |    41 |    35 ||    76
       Sting             |       |     1 ||     1
       Stone Arrow       |       |     1 ||     1
  Use: Scroll            |     3 |     2 ||     5
       Potion            |       |     1 ||     1
Armor: Robe              |     4 |     6 ||    10
Dodge: Dodged            |     5 |    12 ||    17
